 Dungeon Crawl Stone Soup version 0.14-a0-181-gf6fe0c6 (webtiles) character file.

84 Malachi the Vexing (level 2, -1/19 HPs)
             Began as a Vampire Enchanter on Oct 6, 2013.
             Was an Initiate of Ashenzari.
             Slain by an adder (5 damage)
             ... on Level 2 of the Dungeon.
             The game lasted 00:02:55 (1361 turns).

Malachi the Vexing (Vampire Enchanter)              Turns: 1361, Time: 00:02:55

HP  -1/19        AC  3     Str  7      XL: 2   Next: 51%
MP   4/5         EV 13     Int 17      God: Ashenzari [......]
Gold 66          SH  0     Dex 14      Spells:  1 memorised,  2 levels left

Res.Fire  : . . .   See Invis. : +   a - +1,+2 dagger
Res.Cold  : + . .   Warding    : .   b - +1 robe (curse)
Life Prot.: + + .   Conserve   : .   (no shield)
Res.Poison: +       Res.Corr.  : .   (no helmet)
Res.Elec. : .       Clarity    : .   (no cloak)
Sust.Abil.: . .     Spirit.Shd : .   (no gloves)
Res.Mut.  : .       Stasis     : .   (no boots)
Res.Rott. : +       Flight     : .   (no amulet)
Saprovore : . . .                    (no ring)
                                     (no ring)

@: regenerating slowly, not resistant to hostile enchantments, stealthy
A: fangs 3, see invisible, unbreathing
a: Renounce Religion


You were on level 2 of the Dungeon.
You worshipped Ashenzari.
Ashenzari was noncommittal.
You were very thirsty.

You visited 1 branch of the dungeon, and saw 2 of its levels.

You collected 46 gold pieces.

Inventory:

Hand weapons
 a - a +1,+2 dagger (weapon)
Missiles
 d - 12 darts (quivered)
Armour
 b - a cursed +1 robe (worn)
Scrolls
 k - a scroll of random uselessness
 l - 2 scrolls of amnesia
 o - a scroll of remove curse
Potions
 e - a potion of blood
 f - 2 potions of degeneration {unknown}
 g - 2 potions of curing {unknown}
 h - a potion of beneficial mutation {unknown}
 i - a potion of flight {unknown}
 j - a potion of heal wounds {unknown}
 m - a potion of restore abilities {unknown}
 n - a potion of cure mutation {unknown}
Books
 c - a book of Maledictions

   Spells                             Type                      Level
   *Corona                            Hexes                        1
   Sure Blade                         Hexes/Charms                 2
   Ensorcelled Hibernation            Hexes/Ice                    2
   Confuse                            Hexes                        3
   Enslavement                        Hexes                        4
   Invisibility                       Hexes                        6


   Skills:
 + Level 1.1 Short Blades
 + Level 0.7 Throwing
 + Level 2.5 Dodging
 + Level 3.2 Stealth
 + Level 1.1 Spellcasting
 * Level 5.2 Hexes


You had 2 spell levels left.
You knew the following spells:

 Your Spells              Type           Power        Failure   Level  Hunger
a - Corona                Hex            ###....      2%          1    ##.....


Dungeon Overview and Level Annotations

Branches:
Dungeon (2/27)

Altars:
Ashenzari


Innate Abilities, Weirdness & Mutations

You heal slowly.
You have razor-sharp teeth.
You have supernaturally acute eyesight.
You can survive without breathing.


Message History

There is an open door here.
The bat hits you.
* * * LOW HITPOINT WARNING * * *
There is an open door here.
There's a creature in the doorway!
The adder barely misses you. The adder closely misses you.
There is an open door here.
There's a creature in the doorway!
Read which item? (? for menu, Esc to quit)
Okay, then.
Casting: Corona
Confirm with . or Enter, or press ? or * to list all spells.
Aiming: Corona
Press: ? - help, Shift-Dir - straight line, f/p - adder
Aim: an adder The adder struggles to resist.
The adder bites you.
* * * LOW HITPOINT WARNING * * *
The adder bites you.
You die...

#####+#### #..........
#.........# #......%...
#.........###..........
#.........#.'..........
+.........#.#..........
#.........'.#..........
#.........###..........
######S#### #..........
#@# ######..### #.#
#######.### ##.#
#.......... #..#
#.......... #.##
#.......... ##.##
#..<....... #######._.#
#.......... ........#.##
#..........
######.#######.%........


You could see an adder.

Vanquished Creatures
  A giant gecko (D:2)
  3 bats
  4 giant cockroaches
  3 goblins (D:1)
  A hobgoblin (D:1)
  3 kobolds
  3 rats
18 creatures vanquished.

Notes
Turn   | Place    | Note
--------------------------------------------------------------
     0 | D:1      | Malachi, the Vampire Enchanter, began the quest for the Orb.
     0 | D:1      | Reached XP level 1. HP: 13/13 MP: 4/4
   286 | D:1      | Reached skill level 5 in Hexes
   286 | D:1      | Reached XP level 2. HP: 19/19 MP: 3/5
   881 | D:2      | Found a shattered altar of Ashenzari.
   886 | D:2      | Became a worshipper of Ashenzari the Shackled
  1361 | D:2      | Slain by an adder

Action                   || total
-------------------------++-------
Melee: Dagger            ||    77
 Cast: Corona            ||    10
  Use: Scroll            ||     6
 Stab: Sleeping          ||     2
